 Dungeon Crawl Stone Soup version 0.29.1-12-g30fa7ad0bf (webtiles) character file.

Game seed: 14773714368416983630

18 javelincjr the Magician (level 2, -1/21 HPs)
             Began as a Djinni Fire Elementalist on Dec 21, 2022.
             Slain by a hobgoblin (3 damage)
             ... on level 1 of the Dungeon.
             The game lasted 00:02:07 (467 turns).

javelincjr the Magician (Djinni Fire Elementalist)   Turns: 467, Time: 00:02:07

Health: -1/21      AC:  2    Str:  7    XL:     2   Next: 85%
Gold:   13         EV: 12    Int: 16    God:
                   SH:  0    Dex: 13

rFire   + + .      SeeInvis .   b - +0 war axe (freeze)
rCold   x . .      Faith    .   (no shield)
rNeg    . . .      Spirit   .   a - +0 robe
rPois   ∞          Reflect  .   (no helmet)
rElec   .          Harm     .   (no cloak)
rCorr   .          Rampage  .   (no gloves)
Will    .....                   (boots unavailable)
Stlth   ++........              (no amulet)
HPRegen 0.07/turn               (no ring)
MPRegen 0.00/turn               (no ring)

@: flying
A: sickness immunity, fire resistance 2, cold vulnerability 1, float, innate
caster, HP casting, extra vitality 1
a: no special abilities


You were on level 1 of the Dungeon.
You visited 1 branch of the dungeon, and saw 1 of its levels.

You collected 13 gold pieces.

Inventory:

Hand Weapons
 b - a +0 war axe of freezing (weapon)
Armour
 a - a +0 robe (worn)
Scrolls
 c - a scroll of poison {unknown}
 d - a scroll of immolation {unknown}
Potions
 e - a potion of flight {unknown}


   Skills:
 + Level 0.1 Axes
 + Level 2.2 Dodging
 + Level 2.0 Stealth
 + Level 2.8 Spellcasting


You couldn't memorise any spells.
You knew the following spells:

 Your Spells              Type           Power      Damage    Failure   Level
a - Foxfire               Conj/Fire      44%        2x1d6     6%          1
b - Scorch                Fire           22%        2d6       9%          2
c - Conjure Flame         Conj/Fire      11%        6-21      17%         3
d - Inner Flame           Hex/Fire       11%        N/A       17%         3
e - Flame Wave            Conj/Fire      11%        2d6       50%         4
Your spell library was empty.

Dungeon Overview and Level Annotations

Branches:
Dungeon (1/15)

Altars:


Innate Abilities, Weirdness & Mutations

You are immune to sickness and miasma.
You are immune to poison.
Your flesh is very heat resistant. (rF++)
You are vulnerable to cold. (rC-)
You float through the air rather than walking.
You learn spells naturally, not from books.
Your magical power is your life essence.
You have superior vitality. (+4 MHP)


Message History

The ball python bites you. The ball python constricts you.
You barely miss the jackal. You closely miss the jackal.
You closely miss the ball python. The jackal bites you. x2
The ball python bites you but does no damage.
The ball python constricts you.
The jackal bites you but does no damage.
The jackal closely misses you. The ball python bites you.
The ball python constricts you. The hobgoblin barely misses you.
Casting: Foxfire (safe; 6% risk of failure)
Press: ? - help, Q - select action, (/) - cycle Dir - look around, f - activate You conjure some foxfire!
The jackal bites you. x2; The ball python bites you.
The ball python constricts you. The jackal bites you.
The jackal barely misses you. The hobgoblin closely misses you.
You slash the hobgoblin! You freeze the hobgoblin.
You kill the hobgoblin!
You barely miss the ball python. You barely miss the jackal.
You hit the jackal but do no damage.
The foxfire hits the ball python.
The ball python is severely wounded.
The foxfire hits the ball python.
You kill the ball python!
The jackal bites you but does no damage.
The jackal closely misses you. The jackal bites you. The jackal misses you.
Your Stealth skill increases to level 2!
You closely miss the jackal. You hit the jackal. You freeze the jackal.
You kill the jackal!
You barely miss the hobgoblin. The jackal bites you.
* * * LOW HITPOINT WARNING * * *
The hobgoblin hits you.
* * * LOW HITPOINT WARNING * * *
The jackal bites you but does no damage.
The hobgoblin closely misses you.
You closely miss the jackal. You closely miss the hobgoblin.
The jackal barely misses you. The jackal closely misses you.
The hobgoblin barely misses you.
You barely miss the jackal. You hit the hobgoblin but do no damage.
The jackal barely misses you. The hobgoblin hits you.
* * * LOW HITPOINT WARNING * * *
The jackal misses you. The hobgoblin hits you.
You die...

###############
#.............#
#†###########.#
#.######## #.#
##+###.#......# #.#
#.....h@......####.#####
#.....g.................
#........$..............
#............#####......
....###+#.###... #......
.### .. .. +...... .## .
#...... .. #......
#......


You could see a jackal and a hobgoblin.

Vanquished Creatures
  2 endoplasms (D:1)
  A giant cockroach (D:1)
  A goblin (D:1)
  3 hobgoblins (D:1)
  A jackal (D:1)
  2 quokkas (D:1)
  3 ball pythons (D:1)
  A frilled lizard (D:1)
  2 rats (D:1)
16 creatures vanquished.

Vanquished Creatures (others)
  21 foxfires (D:1)
21 creatures vanquished.

Grand Total: 37 creatures vanquished

Notes
Turn   | Place    | Note
-------+----------+-------------------------------------------
     0 | D:1      | javelincjr the Djinni Fire Elementalist began the quest for
                  | the Orb.
     0 | D:1      | javelincjr set off with the following spells memorised:
                  | Foxfire, Scorch, Conjure Flame, Inner Flame, Flame Wave.
     0 | D:1      | Reached XP level 1. HP: 15/15 MP: 0/0
   142 | D:1      | Reached XP level 2. HP: 14/21 MP: 0/0
   467 | D:1      | Slain by a hobgoblin

Illustrated notes

Levels and vault maps discovered:
D:1:      heliophobic_arrival_dark_side_of_the_moon, layout_basic

Skill      XL: |  1  2 |
---------------+-------+-----
Stealth        | 2 |  2.0
Axes           | |  0.1
Dodging        | |  2.2
Spellcasting   | |  2.8

Action                   || total
-------------------------++-------
Melee: War axe           ||    15
 Cast: Foxfire           ||    15
Armor: Robe              ||     5
Dodge: Dodged            ||    19
